 Dungeon Crawl Stone Soup version 0.26-a0-665-gefeb406119 (webtiles) character file.

Game seed: 13422603257972624095

18585 dickylongcocking the Covert (level 12, -3/60 HPs)
             Began as a Spriggan Brigand on Oct 14, 2020.
             Was the Champion of Okawaru.
             Slain by a black bear (5 damage)
             ... on level 11 of the Dungeon.
             The game lasted 00:26:27 (17603 turns).

dickylongcocking the Covert (Spriggan Brigand)     Turns: 17603, Time: 00:26:30

Health: -3/60      AC:  7    Str: 11    XL:     12   Next: 29%
Magic:  22/22      EV: 19    Int: 16    God:    Okawaru [******]
Gold:   520        SH:  0    Dex: 18    Spells: 19/23 levels left

rFire    x . .     SeeInvis +   v - +2 dagger (elec)
rCold    + + .     Faith    +   (shield restricted)
rNeg     + . .     Spirit   .   N - +0 ice dragon scales
rPois    +         Reflect  .   z - +2 hat {Int+3}
rElec    .         Harm     .   K - scarf {repulsion}
rCorr    .         Rampage  .   (gloves unavailable)
MR       ++...                  (boots unavailable)
Stlth    ++++......             C - amulet of faith
HPRegen  0.20/turn              h - ring of poison resistance
MPRegen  0.18/turn              G - ring of positive energy

@: corroded, studying Transmutations, repel missiles, very quick
A: very small, unfitting armour, see invisible, speed 3
a: Heroism, Finesse, Renounce Religion


You were on level 11 of the Dungeon.
You worshipped Okawaru.
Okawaru was exalted by your worship.
You visited 1 branch of the dungeon, and saw 11 of its levels.
You also visited: Bailey.

You collected 520 gold pieces.

Inventory:

Hand Weapons
 a - a +2 dagger
 q - a +0 hunting sling
 v - a +2 dagger of electrocution (weapon)
 U - a +1 dagger of venom
Missiles
 e - 4 curare-tipped darts
 l - 45 boomerangs
 n - 103 arrows
 u - 119 sling bullets
 w - 14 poisoned darts (quivered)
Armour
 b - a +0 robe
 c - a +0 cloak
 z - a +2 hat of intelligence (worn)
 K - a scarf of repulsion (worn)
 N - +0 ice dragon scales (worn)
 V - a +1 robe of fire resistance
Jewellery
 h - a ring of poison resistance (left hand)
 C - an amulet of faith (around neck)
 G - a ring of positive energy (right hand)
 T - an uncursed ring of positive energy
Wands
 F - a wand of disintegration (3)
 L - a wand of polymorph (16)
 M - a wand of acid (2)
 R - a wand of random effects (9)
Scrolls
 f - 4 scrolls of immolation {unknown}
 g - 5 scrolls of remove curse
 i - 2 scrolls of random uselessness {unknown}
 k - 3 scrolls of amnesia
 m - 5 scrolls of teleportation
 t - 3 scrolls of enchant armour {unknown}
 y - a scroll of fog {unknown}
 D - a scroll of silence
 E - 3 scrolls of enchant weapon {unknown}
 J - 2 scrolls of blinking {unknown}
 Q - a scroll of torment
 S - a scroll of magic mapping
Potions
 d - 2 potions of ambrosia
 j - a potion of cancellation
 p - a potion of brilliance
 r - a potion of lignification
 s - 8 potions of curing
 x - 2 potions of mutation
 A - 2 potions of might
 B - a potion of magic {unknown}
 H - 2 potions of haste
 I - a potion of resistance
 O - 2 potions of flight
Books
 o - a manual of Transmutations


   Skills:
 * Level 5.6 Fighting
 - Level 7.6 Short Blades
 - Level 7.9(8.1) Slings
 - Level 2.0(4.5) Throwing
 * Level 2.1 Armour
 - Level 10.1 Dodging
 - Level 12.1 Stealth
 * Level 6.2 Spellcasting
 * Level 10.7 Transmutations
 * Level 3.5 Earth Magic
 - Level 9.5 Invocations
 - Level 4.5 Evocations


You had 19 spell levels left.
You knew the following spells:

 Your Spells              Type           Power        Failure   Level
a - Petrify               Tmut/Erth      ####....     52%         4

Your spell library contained the following spells:

 Spells                   Type           Power        Failure   Level
 Passwall                 Tmut/Erth      ####....     9%          2
 Sandblast                Erth           ###...       26%         1
 Animate Skeleton         Necr           #.....       75%         1
 Pain                     Necr           #...         75%         1
 Summon Small Mammal      Summ           #...         75%         1
 Stone Arrow              Conj/Erth      ##....       85%         3
 Call Imp                 Summ           #.......     86%         2
 Call Canine Familiar     Summ           #.......     98%         3
 Summon Guardian Golem    Hex/Summ       #.......     98%         3
 Vampiric Draining        Necr           #.........   98%         3
 Animate Dead             Necr           #.........   100%        4
 Summon Ice Beast         Ice/Summ       #.......     100%        4
 Summon Lightning Spire   Summ/Air       #.......     100%        4
 Agony                    Necr           #.......     100%        5
 Bolt of Magma            Conj/Fire/Erth #.........   100%        5
 Iskenderun's Battlesphe  Conj           #.......     100%        5
 Lee's Rapid Deconstruct  Erth           ###.......   100%        5
 Iron Shot                Conj/Erth      ##........   100%        6
 Orb of Destruction       Conj           #.........   100%        7
 Spellforged Servitor     Conj/Summ      #.........   100%        7


Dungeon Overview and Level Annotations

Branches:
Dungeon (11/15)            Temple (0/1) D:5            Lair (0/6) D:11
    Orc (0/2) D:10         Bailey (visited)

Altars:
Ashenzari
Fedhas
Gozag
Makhleb
Okawaru
Trog
Uskayaw
Wu Jian
Xom
Yredelemnul
Beogh
Jiyva

Shops:
D:8 (

Portals:
Trove: D:10 (give 2 scrolls of acquirement)

Annotations:
D:8 3 runed translucent doors, YayAnonymity's ghost, novice MiHu


Innate Abilities, Weirdness & Mutations

You are very small and have problems with some larger weapons.
You are too small for most types of armour.
You have supernaturally acute eyesight. (SInv)
You cover ground extremely quickly.


Message History

Aim: a black bear (almost dead, berserk, extremely poisoned)
You throw a poisoned dart. The poisoned dart hits the black bear.
The black bear looks as sick as possible!
The black bear is almost dead.
Unknown command.
The acid dragon spits acid at you. The splash of acid hits you!
The acid corrodes you!
You are splashed with acid!
You hear a shout!
The black bear rages.
The wyvern bites you!
* * * LOW HITPOINT WARNING * * *
Unknown command.
Okay, then.
As you read the scroll of fear, it crumbles to dust.
You assume a fearsome visage.
The wyvern looks frightened!
The acid dragon looks frightened!
The black bear bites you.
* * * LOW HITPOINT WARNING * * *
The black bear barely misses you. The black bear completely misses you.
The black bear closely misses you. The black bear claws you.
You die...

..#.##...........D...#........#
.........#.....>...#†...#.....#
#.......#........###..##....#.
#.......#.l...$.###..D.....#..
.........<##......#..#(....#..
.#.....###.........#........
####. ##...............##........
#.... #...............###.......
.....####.......@........#D......
#..............h............÷.†.
###........♣..l...............#.#
.>.........P........D.........###
....P.......♣...................#
..............#..................
.....[)...P.P....####............
.♣..♣.P........#.#.#.............
.......>..P..P.#......#..........


You could see a black bear (berserk, extremely poisoned), a wyvern (fleeing) and
an acid dragon (fleeing, catching breath).

Vanquished Creatures
  An orc warlord (Bailey)
  Harold (D:7)
  Erica (D:8)
  2 two-headed ogres (D:10)
  Nergalle (D:11)
  An orc knight (Bailey)
  A deep elf mage (D:10)
  Joseph (D:8)
  Maurice (D:8)
  The ghost of BruhMomento the Cudgeler, a novice DsBe of Trog (D:6)
  A wraith (D:10)
  A shadow (D:11)
  2 wyverns (D:11)
  8 yaks
  Menkaure (D:4)
  A warg (D:5)
  3 water moccasins
  A hornet zombie (D:7)
  11 orc warriors
  3 sky beasts
  2 black bears
  2 ogres
  3 wolves
  4 centaurs
  A big kobold (D:10)
  4 bullfrogs
  A water moccasin zombie (D:10)
  5 scorpions
  A wyvern skeleton (D:9)
  6 killer bees
  5 wights (D:10)
  A howler monkey (D:6)
  2 hounds
  11 orc priests
  A bullfrog skeleton (D:6)
  A jelly (D:7)
  15 orc wizards
  3 centaur skeletons
  6 iguanas
  5 worker ants
  A hound zombie (D:7)
  2 hound skeletons
  A howler monkey zombie (D:10)
  7 gnolls
  11 adders
  2 shadow imps
  2 white imps
  3 ufetubi (D:5)
  2 adder skeletons
  A worm (D:3)
  4 dart slugs
  4 leopard geckos
  55 orcs
  17 bats
  7 giant cockroaches
  6 hobgoblins
  12 jackals
  3 quokkas
  3 frilled lizards
  6 goblins
  A jackal skeleton (D:7)
  2 jackal zombies
  32 kobolds
  A quokka skeleton (D:6)
  12 rats
319 creatures vanquished.

Vanquished Creatures (others)
  6 fungi
  9 plants
15 creatures vanquished.

Grand Total: 334 creatures vanquished

Notes
Turn   | Place    | Note
-------+----------+-------------------------------------------
     0 | D:1      | dickylongcocking the Spriggan Brigand began the quest for
                  | the Orb.
     0 | D:1      | Reached XP level 1. HP: 10/10 MP: 2/2
    37 | D:1      | Reached skill level 6 in Stealth
   286 | D:1      | Reached XP level 2. HP: 14/14 MP: 3/3
  1144 | D:1      | Reached XP level 3. HP: 12/18 MP: 4/4
  1737 | D:2      | Found a basalt altar of Yredelemnul.
  1737 | D:2      | Found a blossoming altar of Fedhas.
  1847 | D:2      | Found an iron altar of Okawaru.
  1866 | D:2      | Became a worshipper of Warmaster Okawaru
  1981 | D:2      | Found a blossoming altar of Fedhas.
  2437 | D:3      | Reached XP level 4. HP: 22/22 MP: 5/5
  2551 | D:3      | Reached skill level 7 in Stealth
  2919 | D:3      | Found a burning altar of Makhleb.
  2919 | D:3      | Found an ornate altar of the Wu Jian Council.
  3207 | D:4      | Reached XP level 5. HP: 19/25 MP: 6/6
  3304 | D:4      | Reached skill level 1 in Slings
  3549 | D:4      | Noticed an ogre
  3593 | D:4      | Found a bloodstained altar of Trog.
  3611 | D:4      | Killed an ogre
  3611 | D:4      | Reached XP level 6. HP: 30/30 MP: 7/7
  3828 | D:4      | Reached * piety under Okawaru
  3828 | D:4      | Reached skill level 8 in Stealth
  3928 | D:4      | Noticed an orc warrior
  3946 | D:4      | Killed an orc warrior
  3946 | D:4      | Reached skill level 5 in Dodging
  4181 | D:4      | Noticed Menkaure
  4509 | D:4      | Killed Menkaure
  4509 | D:4      | Reached ** piety under Okawaru
  4509 | D:4      | Reached XP level 7. HP: 33/33 MP: 5/8
  4520 | D:4      | Reached skill level 9 in Stealth
  4723 | D:4      | Found a broken altar of Ashenzari.
  4761 | D:5      | Entered Level 5 of the Dungeon
  5001 | D:5      | Found a staircase to the Ecumenical Temple.
  6211 | D:6      | Found a runed translucent gate.
  6212 | D:6      | Found a runed translucent gate.
  6213 | D:6      | Found a runed translucent gate.
  6214 | D:6      | Noticed BruhMomento's ghost (novice DsBe)
  6240 | D:6      | Found a roughly hewn altar of Beogh.
  6370 | D:6      | Reached skill level 5 in Short Blades
  6370 | D:6      | Reached XP level 8. HP: 24/39 MP: 9/9
  7122 | D:6      | Reached skill level 5 in Slings
  7279 | D:6      | Reached skill level 10 in Stealth
  7950 | D:6      | Reached *** piety under Okawaru
  7992 | D:6      | Killed BruhMomento's ghost
  7992 | D:6      | Reached XP level 9. HP: 44/44 MP: 8/10
  8522 | D:7      | Reached skill level 11 in Stealth
  8540 | D:7      | Found an opulent altar of Gozag.
  8576 | D:7      | Reached **** piety under Okawaru
  8626 | D:7      | Noticed Harold
  8641 | D:7      | Killed Harold
  8652 | D:7      | Found a flagged portal.
  8665 | Bailey   | Entered a bailey
  8703 | Bailey   | Noticed an orc warlord
  8915 | Bailey   | Found a runed translucent gate.
  8923 | Bailey   | Found a runed translucent gate.
  8924 | Bailey   | Found a runed translucent gate.
  8927 | Bailey   | Noticed an orc knight
  8958 | Bailey   | Killed an orc knight
  8958 | Bailey   | Reached ***** piety under Okawaru
  9072 | Bailey   | Killed an orc warlord
  9072 | Bailey   | Reached skill level 10 in Dodging
  9072 | Bailey   | Reached skill level 12 in Stealth
  9072 | Bailey   | Reached XP level 10. HP: 51/51 MP: 11/11
  9154 | Bailey   | Reached XP level 11. HP: 54/54 MP: 11/19
  9212 | Bailey   | Identified a scroll of acquirement
  9790 | D:6      | Acquired a manual of Transmutations
 10273 | D:7      | Reached skill level 1 in Transmutations
 10842 | D:8      | Found a runed translucent gate.
 10842 | D:8      | Found a runed translucent gate.
 10846 | D:8      | Found a runed translucent gate.
 10846 | D:8      | Noticed YayAnonymity's ghost (novice MiHu)
 10849 | D:8      | Found a viscous altar of Jiyva.
 10912 | D:8      | Found a shimmering altar of Xom.
 10929 | D:8      | Noticed Erica
 10953 | D:8      | Killed Erica
 10953 | D:8      | Received a gift from Okawaru
 10960 | D:8      | Learned a level 4 spell: Petrify
 11147 | D:8      | Found Nyeseiwa's Antique Weapon Boutique.
 11254 | D:8      | Noticed Joseph
 11273 | D:8      | Killed Joseph
 11387 | D:8      | Noticed Maurice
 11390 | D:8      | Killed Maurice
 12099 | D:9      | Found a hide-covered altar of Uskayaw.
 12446 | D:10     | Entered Level 10 of the Dungeon
 12582 | D:10     | Noticed a deep elf mage
 12614 | D:10     | Killed a deep elf mage
 12614 | D:10     | Reached ****** piety under Okawaru
 12614 | D:10     | Received a gift from Okawaru
 12615 | D:10     | Reached skill level 1 in Earth Magic
 12822 | D:10     | Found a staircase to the Orcish Mines.
 12822 | D:10     | Noticed a two-headed ogre
 12833 | D:10     | Found a portal to a secret trove of treasure.
 13337 | D:10     | Noticed a two-headed ogre
 13992 | D:9      | Reached skill level 5 in Fighting
 13999 | D:9      | Reached skill level 5 in Spellcasting
 14268 | D:10     | Killed a two-headed ogre
 14268 | D:10     | Reached skill level 1 in Armour
 15100 | D:10     | Found a roughly hewn altar of Beogh.
 15156 | D:10     | Reached XP level 12. HP: 43/60 MP: 21/21
 15558 | D:10     | Killed a two-headed ogre
 15558 | D:10     | Reached skill level 10 in Transmutations
 16004 | D:11     | Noticed Nergalle
 16007 | D:11     | Found a staircase to the Lair.
 16017 | D:11     | Killed Nergalle
 16642 | D:11     | Received a gift from Okawaru
 17603 | D:11     | HP: 2/60 [black bear (6)]
 17603 | D:11     | Slain by a black bear

Illustrated notes

Levels and vault maps discovered:
D:1:      dpeg_arrival_houses_and_road, layout_basic
D:2:      layout_loops_ring, lemuel_doored_altar,
          chequers_temple_overflow_statue_of_worship, fedhas_ov_isle_minmay
D:3:      layout_loops_ring, gammafunk_temple_overflow_elements
D:4:      layout_rooms, kennysheep_little_box, trog_three_pillars_becter,
          uniq_menkaure
D:5:      layout_basic, minmay_temple_entry_junction
D:6:      old_forge, layout_basic, biasface_ghost_orc_armoury
D:7:      layout_cave_pods, enter_bailey_7, nicolae_gozag_seed_capital,
          uniq_harold
D:8:      layout_loops_corners, basic_altar, gammafunk_ghost_ooze, serial_shops,
          shop, uniq_joseph, uniq_maurice, uniq_erica
D:9:      layout_long_grid, eat_drink_and_be_merry_uskayaw
D:10:     layout_cave_pools, minmay_orc_entry_temple_small,
          nicolae_trove_entry_crossroad
D:11:     layout_cave_pools, minmay_lair_entry_grove, uniq_nergalle

Skill      XL: |  1  2  3  4  5  6  7  8  9 10 11 12 |
---------------+-------------------------------------+-----
Stealth        | 6 7 8 9 10 12 | 12.1
Dodging        | 2 3 4 6 8 10 | 10.1
Short Blades   | 3 4 5 6 7 |  7.6
Slings         | 2 3 4 6 7 |  7.9
Fighting       | 2 3 4 5 |  5.6
Evocations     | 4 |  4.5
Invocations    | 9 |  9.5
Transmutations | 9 10 | 10.7
Spellcasting   | 5 6 |  6.2
Earth Magic    | 2 3 |  3.5
Armour         | 1 2 |  2.1
Throwing       | |  2.0

Action                   |  1- 3 |  4- 6 |  7- 9 | 10-12 || total
-------------------------+-------+-------+-------+-------++-------
Melee: Dagger            |   131 |    83 |   352 |   667 ||  1233
       Unarmed           |       |       |    10 |       ||    10
 Fire: Hunting sling     |       |    61 |     9 |    45 ||   115
Throw: Dart              |     2 |    20 |    44 |    22 ||    88
 Cast: Petrify           |       |       |       |    29 ||    29
Invok: Heroism           |       |     1 |     4 |       ||     5
Evoke: Wand              |       |       |     8 |    11 ||    19
  Use: Potion            |       |     3 |     4 |     3 ||    10
       Scroll            |       |     3 |     5 |     9 ||    17
 Stab: Sleeping          |    21 |     5 |    17 |    10 ||    53
       Distracted        |       |     1 |     1 |       ||     2
       Petrifying        |       |       |       |     8 ||     8
       Petrified         |       |       |       |     7 ||     7
Armor: Robe              |    12 |     8 |    26 |    26 ||    72
       Skin              |       |       |     7 |     5 ||    12
       Ice dragon scales |       |       |       |    26 ||    26
Dodge: Dodged            |    96 |    69 |   369 |   602 ||  1136
       Repelled          |       |       |       |     2 ||     2

Table legend: (Time is in decaauts)
 A = Elapsed time spent in this place.
 B = Non-inter-level travel time spent in this place.
 C = Inter-level travel time spent in this place.
 D = Time resting spent in this place.
 E = Time spent auto-exploring this place.
 F = Levels seen in this place.
 G = Mean time per level.
                   A        B        C        D        E       F      G
               +--------+--------+--------+--------+--------+-----+--------+
         Total |  13982 |  13554 |    428 |   4868 |   5967 |  12 | 1165.2 |
       Dungeon |  13368 |  12940 |    428 |   4745 |   5756 |  11 | 1215.3 |
        Bailey |    614 |    614 |      0 |    123 |    211 |   1 |  614.0 |
               +--------+--------+--------+--------+--------+-----+--------+

Top non-repeatable levels by time:
    D:10: 2506 daAuts
     D:6: 1790 daAuts
     D:9: 1672 daAuts
     D:1: 1398 daAuts
     D:5: 1303 daAuts
     D:8: 1086 daAuts
     D:3: 1020 daAuts
     D:7: 819 daAuts
     D:4: 808 daAuts
  Bailey: 614 daAuts
    D:11: 519 daAuts
     D:2: 443 daAuts
